 Dungeon Crawl Stone Soup version 0.30-a0-1018-g25214051b3 (webtiles) character file.

Game seed: 4480131780332311427

3605 kae the Transmogrifier (level 9, -2/70 HPs)
             Began as a Demonspawn Transmuter on Apr 7, 2023.
             Was a Believer of Wu Jian.
             Slain by an orc warrior
             ... wielding a +0 halberd
              (7 damage)
             ... on level 6 of the Dungeon.
             The game lasted 00:06:43 (7173 turns).

kae the Transmogrifier (Demonspawn Transmuter)      Turns: 7173, Time: 00:06:43

Health: -2/70      AC: 13    Str: 10    XL:     9   Next: 86%
Magic:  17/17      EV: 10    Int: 25    God:    Wu Jian [**....]
Gold:   531        SH:  0    Dex: 14    Spells: 9/19 levels left

rFire   x . .      SeeInvis .      - Unarmed
rCold   + + +      Faith    .    (shield currently unavailable)
rNeg    . . .      Spirit   .    r - melded +0 steam dragon scales
rPois   +          Reflect  .    (helmet currently unavailable)
rElec   .          Rampage  .    (cloak currently unavailable)
rCorr   .                        (gloves currently unavailable)
Will    .....                    (boots currently unavailable)
Stlth   +                        i - amulet of magic regeneration
HPRegen 0.31/turn                O - +4 ring of protection
MPRegen 0.55/turn                I - +6 ring of intelligence

@: mighty, ice-form, wereblooded, studying Shields
A: freezing attack, amphibious, boosted hp, large, (thin metallic scales 2),
ignite blood 3
a: End Transformation, Renounce Religion, Wall Jump


You were on level 6 of the Dungeon.
You worshipped Wu Jian.
Wu Jian was pleased with you.
You were a creature of crystalline ice.
You visited 2 branches of the dungeon, and saw 9 of its levels.

You collected 531 gold pieces.


Innate Abilities, Weirdness & Mutations

You are a creature of crystalline ice.
You have a powerful freezing melee attack.
You are amphibious.
Your maximum health is increased.
Your armour is entirely melded.
You are incapable of wielding weapons or throwing items.
((You are mostly covered in thin metallic scales. (AC +3)))
Your demonic aura causes all spilled blood to erupt in flames.


   Skills:
 - Level 1.0 Fighting
 - Level 1.7 Dodging
 + Level 6.2 Unarmed Combat
 + Level 5.7 Spellcasting
 * Level 8.2 Transmutations
 - Level 6.0 Ice Magic
 - Level 2.5 Poison Magic


You had 9 spell levels left.
You knew the following spells:

 Your Spells              Type           Power      Damage    Failure   Level
a - Beastly Appendage     Tmut           96%        N/A       1%          1
b - Wereblood             Tmut           48%        N/A       1%          2
c - Spider Form           Tmut/Pois      33%        N/A       2%          3
d - Ice Form              Ice/Tmut       42%        N/A       4%          4

Your spell library contained the following spells:

 Spells                   Type           Power      Damage    Failure   Level
 Freeze                   Ice            100%       1d10      1%          1
 Frozen Ramparts          Ice            74%        1d12      1%          3
 Ignite Poison            Fire/Tmut/Pois 25%        N/A       5%          3
 Hailstorm                Conj/Ice       22%        3d7       7%          3
 Slow                     Hex            28%        N/A       8%          1
 Cigotuvi's Dreadful Rot  Necr/Pois/Air  22%        N/A       9%          2
 Lesser Beckoning         Tloc           14%        N/A       12%         2
 Confusing Touch          Hex            7%         N/A       22%         3
 Gell's Gravitas          Tloc           7%         N/A       22%         3
 Teleport Other           Tloc           7%         N/A       22%         3
 Vampiric Draining        Necr           7%         2d6       22%         3
 Freezing Cloud           Conj/Ice/Air   8%         6-21      67%         5

Inventory:

Missiles
 d - 111 stones
 g - 5 javelins
 j - 10 poisoned darts
 u - 2 boomerangs
Armour
 a - a +0 robe
 r - +0 steam dragon scales (melded)
   (You found it on level 7 of the Dungeon)
Jewellery
 i - an amulet of magic regeneration (around neck)
   (You found it on level 3 of the Dungeon)
 A - an amulet of the acrobat
   (You found it on level 7 of the Dungeon)
 I - a +6 ring of intelligence (right front paw)
   (You found it on level 1 of the Dungeon)
 O - a +4 ring of protection (left front paw)
   (You found it on level 1 of the Dungeon)
Wands
 l - a wand of mindburst (11)
   (You found it on level 3 of the Dungeon)
 p - a wand of roots (8)
   (You found it on level 8 of the Dungeon)
 q - a wand of paralysis (8)
   (You took it off an orc on level 6 of the Dungeon)
Scrolls
 m - 2 scrolls of teleportation {@r4}
 o - a scroll of fog
 s - 4 scrolls of torment {!r}
 t - 2 scrolls of enchant weapon
 x - a scroll of blinking {!r}
 y - a scroll of identify {@r1}
Potions
 b - 2 potions of lignification {!q}
 c - 3 potions of berserk rage {!q}
 e - 2 potions of resistance
 f - 2 potions of brilliance
 h - 7 potions of curing {@q1}
 k - a potion of mutation {!q}
 n - a potion of attraction {!q}
 w - a potion of invisibility {unknown}
 z - a potion of flight {unknown}

Dungeon Overview and Level Annotations

Branches:
Dungeon (8/15) Zot: 26132  Temple (1/1) D:4 Zot: 5916
   Lair: D:8-11

Altars:
Ashenzari
Cheibriados
Dithmenos
Fedhas
Hepliaklqana
Kikubaaqudgha
Makhleb
Nemelex Xobeh
Okawaru
Qazlal
Sif Muna
Uskayaw
Vehumet
Wu Jian
Xom
Yredelemnul

Shops:
D:7

( .#....# #.......#
#.##.######.. .####.# #...)...#
#.##.# #.. .####.# ######.##
#.##.# #.. ......#
##.######.##.#### #.. #####.#
#.......#.......# #.. ###.###
#..#......##.##.# ##.
#.....#####...>...........####.
#.#.#.##......oo........#.##...
#.#......8....Yo.......8..##.).
#.###.#########o''######.......
#.###.# #...ooo......o#..##...
#.....# #...o#####....##.#....
####### #.###)....###.#..#....
#.#8#..8..#8#.####.#..
#.............#.##.##.
#8....[_[)...8##.#.##. ###
##.....


You could see 2 orc warriors, 2 orc priests and 4 orcs.


Message History

There is a stone staircase leading up here.
You climb upwards.
Level annotation: 3 runed translucent doors, minbekrie's ghost, novice FoFi
There is a stone staircase leading down here.
Casting: Ice Form (dangerous; 4% risk of failure)
Confirm with . or Enter, or press ? or * to list all spells.
You turn into a creature of crystalline ice.
Your +0 steam dragon scales melds into your body. 😎 HP[+11] MP[-3]
You now have 70 max hp (+11).
Your hp is fully restored (70).
You lost 3 mp, and now have 14/17 mp.
The orc shouts! 😎 MP[+1]
Casting: Ice Form (dangerous; 4% risk of failure)
Confirm with . or Enter, or press ? or * to list all spells.
Your blood is infused with primal strength. 😎 MP[-1]
You lost 1 mp, and now have 14/17 mp.
You feel very mighty all of a sudden.
You open the gate.
The orc warrior hits you from afar with a +0 halberd! 😕 HP[-9] MP[+1]
You take 9 damage, and now have 61/70 hp.
You barely miss the orc.
The orc warrior hits you from afar with a +0 halberd!
You hit the orc. You freeze the orc.
You feel a bit better.
You kill the orc!
The Council accepts your kill.
The orc warrior hits you but does no damage. 😕 HP[-5] MP[+1]
You take 5 damage, and now have 56/70 hp.
You barely miss minbekrie's ghost. The orc warrior misses you.
The orc warrior closely misses you.
You punch minbekrie's ghost! You freeze minbekrie's ghost.
The orc priest begins to cast a cantrip, but forgets the words!
Minbekrie's ghost says, "I was once a great warrior, and I still am!"
Minbekrie's ghost closely misses you.
The orc warrior hits you but does no damage. x2
The orc hits you but does no damage. 😕 MP[+1]
Your mp is fully restored (17).
You hit minbekrie's ghost. You freeze minbekrie's ghost.
Minbekrie's ghost misses you. The orc warrior closely misses you.
The orc barely misses you.
You punch minbekrie's ghost! You freeze minbekrie's ghost.
The orc priest calls down the wrath of Beogh upon you.
Pain shoots through your body!
Minbekrie's ghost hits you but does no damage.
The orc warrior hits you with a +0 broad axe.
The orc warrior hits you from afar with a +0 halberd.
The orc hits you with a +0 hand axe. 😮 HP[-17]
You take 17 damage, and now have 39/70 hp.
MASSIVE DAMAGE!! (PAUSE)
You hit minbekrie's ghost. You freeze minbekrie's ghost.
Unknown command.
You closely miss minbekrie's ghost. Minbekrie's ghost closely misses you.
The orc warrior closely misses you.
The orc warrior hits you from afar with a +0 halberd!
* * * LOW HITPOINT WARNING * * *
The orc hits you but does no damage. x2 😨 HP[-13]
You take 13 damage, and now have 26/70 hp.
Unknown command.
You hit minbekrie's ghost. You freeze minbekrie's ghost.
Minbekrie's ghost hits you.
* * * LOW HITPOINT WARNING * * *
The orc warrior closely misses you. x2; The orc barely misses you.
The orc hits you but does no damage. 😨 HP[-3]
You take 3 damage, and now have 23/70 hp.
Unknown command.
You punch minbekrie's ghost! You freeze minbekrie's ghost.
Minbekrie's ghost hits you but does no damage.
The orc warrior hits you but does no damage.
The orc warrior hits you from afar with a +0 halberd!
* * * LOW HITPOINT WARNING * * *
The orc jeers noisily.
The orc hits you but does no damage. The orc closely misses you. 😱 HP[-7]
You take 7 damage, and now have 16/70 hp.
Unknown command.
You punch minbekrie's ghost! You freeze minbekrie's ghost.
You feel a bit better.
You destroy minbekrie's ghost!
The Council accepts your kill. The orc hits you but does no damage.
The orc warrior hits you but does no damage.
The orc warrior hits you from afar with a +0 halberd!
* * * LOW HITPOINT WARNING * * *
The orc closely misses you.
Your Unarmed Combat skill increases to level 6!
Your Transmutations skill increases to level 8! 😱 HP[-11]
You take 11 damage, and now have 5/70 hp.
Unknown command.
You hit the orc priest. You freeze the orc priest. The orc priest misses you.
The orc hits you but does no damage. The orc warrior completely misses you.
The orc warrior hits you from afar with a +0 halberd!
You die...

Skill      XL: |  1  2  3  4  5  6  7  8  9 |
---------------+----------------------------+-----
Transmutations | 2 3 4 5 6 8 |  8.2
Unarmed Combat | 3 4 5 6 |  6.2
Poison Magic   | 1 2 |  2.5
Spellcasting   | 3 4 5 |  5.7
Ice Magic      | 1 3 5 6 |  6.0
Fighting       | |  1.0
Dodging        | |  1.7

Action                     |  1- 3 |  4- 6 |  7- 9 || total
---------------------------+-------+-------+-------++-------
  Melee: Unarmed           |    84 |   110 |   192 ||   386
         Kick              |    23 |    12 |       ||    35
         Headbutt          |    13 |     8 |       ||    21
         Punch             |     2 |     2 |       ||     4
   Cast: Beastly Appendage |    25 |     9 |       ||    34
         Wereblood         |       |     4 |    10 ||    14
         Spider Form       |       |     9 |     5 ||    14
         Ice Form          |       |       |    23 ||    23
Ability: Lunge             |       |     3 |    32 ||    35
    Use: Scroll            |     4 |     3 |     9 ||    16
         Potion            |       |       |     1 ||     1
   Stab: Sleeping          |     3 |       |       ||     3
 Armour: Robe              |    21 |     9 |     6 ||    36
         Skin              |       |    17 |    71 ||    88
  Dodge: Dodged            |    46 |    92 |    96 ||   234

Levels and vault maps discovered:
D:1:      lemuel_arrival_river_ford, layout_loops_ring, minmay_misc_feat_roman,
          minmay_pentomino_u2
D:2:      layout_basic, basic_altar, minivault_27, minmay_misc_feat_tiny
D:3:      layout_basic, xom_confusion_cloud, minmay_rat_hole
D:4:      layout_cave_pools, minmay_temple_entry_trees, uniq_robin
D:5:      layout_cave_pods, chequers_temple_overflow_minitemple, ldierk_geyser
D:6:      layout_loops_cross, good_gods_mini_temple, biasface_ghost_orc_armoury
D:7:      layout_gridville, serial_shops, shop
D:8:      layout_loops_ring, minmay_manual_mares
Temple:   chequers_temple_sunken

Notes
Turn   | Place    | Note
-------+----------+-------------------------------------------
     0 | D:1      | kae the Demonspawn Transmuter began the quest for the Orb.
     0 | D:1      | Reached XP level 1. HP: 15/15 MP: 3/3
     0 | D:1      | magus.rc [v1.11.3]
    65 | D:1      | Reached skill level 2 in Transmutations
   273 | D:1      | Gained mutation: You are partially covered in thin metallic
                  | scales. (AC +2) [demonic ancestry]
   273 | D:1      | Reached XP level 2. HP: 20/21 MP: 3/5
   276 | D:1      | Learned a level 2 spell: Wereblood
   354 | D:1      | You add the spells Cigotuvi's Dreadful Rot, Ignite Poison
                  | and Freezing Cloud to your library.
   503 | D:1      | You pick up a book of Debilitation and begin reading...
   503 | D:1      | You add the spells Slow, Vampiric Draining and Confusing
                  | Touch to your library.
   860 | D:2      | Found a hide-covered altar of Uskayaw.
   987 | D:2      | Reached skill level 3 in Unarmed Combat
  1101 | D:2      | Gained mutation: Your demonic aura sometimes causes spilled
                  | blood to erupt in flames. [demonic ancestry]
  1101 | D:2      | Reached XP level 3. HP: 26/26 MP: 4/6
  1105 | D:2      | Learned a level 3 spell: Spider Form
  2056 | D:3      | Reached skill level 1 in Poison Magic
  2215 | D:3      | Reached XP level 4. HP: 28/32 MP: 7/7
  2324 | D:3      | Reached skill level 3 in Transmutations
  2431 | D:3      | Found a shimmering altar of Xom.
  2725 | D:4      | Noticed a bullfrog
  2728 | D:4      | Noticed an ogre
  2729 | D:4      | Noticed Robin
  2730 | D:4      | Killed a bullfrog
  2731 | D:4      | Reached skill level 2 in Poison Magic
  2731 | D:4      | Reached XP level 5. HP: 37/37 MP: 7/9
  2738 | D:4      | Killed an ogre
  2739 | D:4      | Reached skill level 3 in Spellcasting
  2751 | D:4      | Killed Robin
  2752 | D:4      | Reached XP level 6. HP: 38/43 MP: 10/10
  2799 | D:4      | Learned a level 4 spell: Ice Form
  2817 | D:4      | Reached skill level 4 in Transmutations
  2889 | D:4      | Found a staircase to the Ecumenical Temple.
  2979 | D:4      | Reached skill level 1 in Ice Magic
  3029 | Temple   | Entered the Ecumenical Temple
  3081 | Temple   | Became a worshipper of the Wu Jian Council
  3223 | D:4      | You pick up a book of Frost and begin reading...
  3223 | D:4      | You add the spells Freeze, Frozen Ramparts and Hailstorm to
                  | your library.
  3435 | D:5      | Entered Level 5 of the Dungeon
  3536 | D:5      | Reached skill level 4 in Unarmed Combat
  3536 | D:5      | Gained mutation: Your demonic aura often causes spilled
                  | blood to erupt in flames. [demonic ancestry]
  3536 | D:5      | Reached XP level 7. HP: 48/48 MP: 10/12
  3579 | D:5      | Reached skill level 2 in Ice Magic
  3869 | D:5      | Reached skill level 5 in Transmutations
  3930 | D:5      | Reached skill level 3 in Ice Magic
  4166 | D:5      | Found a blossoming altar of Fedhas.
  4166 | D:5      | Found an ancient bone altar of Kikubaaqudgha.
  4190 | D:5      | Found a basalt altar of Yredelemnul.
  4192 | D:5      | Found a snail-covered altar of Cheibriados.
  4194 | D:5      | Found a faded altar of an unknown god.
  4229 | D:5      | Reached skill level 4 in Spellcasting
  4229 | D:5      | Gained mutation: You are mostly covered in thin metallic
                  | scales. (AC +3) [demonic ancestry]
  4229 | D:5      | Reached XP level 8. HP: 46/54 MP: 8/14
  4239 | D:5      | Reached * piety under Wu Jian
  4417 | D:6      | Reached skill level 4 in Ice Magic
  4542 | D:6      | Paralysed by an orc for 5 turns
  4745 | D:6      | Found a runed translucent gate.
  4745 | D:6      | Noticed minbekrie's ghost (novice FoFi)
  4746 | D:6      | Identified the +4 chain mail of Grace {rF- rCorr Int+2}
  4746 | D:6      | Found a runed translucent gate.
  4749 | D:6      | Found a runed translucent gate.
  4841 | D:6      | Reached skill level 6 in Transmutations
  5360 | D:7      | You pick up a book of Displacement and begin reading...
  5360 | D:7      | You add the spells Lesser Beckoning, Gell's Gravitas and
                  | Teleport Other to your library.
  5503 | D:7      | Reached skill level 5 in Unarmed Combat
  5607 | D:7      | Reached skill level 5 in Ice Magic
  5691 | D:7      | Reached ** piety under Wu Jian
  5735 | D:7      | Gained mutation: Your demonic aura causes all spilled blood
                  | to erupt in flames. [demonic ancestry]
  5735 | D:7      | Reached XP level 9. HP: 59/59 MP: 12/16
  5747 | D:7      | Found Litez's Antique Weapon Emporium.
  5910 | D:7      | Reached skill level 5 in Spellcasting
  5910 | D:7      | Reached skill level 7 in Transmutations
  6827 | D:8      | Reached skill level 6 in Ice Magic
  7171 | D:6      | HP: 16/70 [orc warrior/+0 halberd (7)]
  7172 | D:6      | Killed minbekrie's ghost
  7172 | D:6      | HP: 5/70 [orc warrior/+0 halberd (14)]
  7173 | D:6      | Reached skill level 6 in Unarmed Combat
  7173 | D:6      | Reached skill level 8 in Transmutations
  7173 | D:6      | Slain by an orc warrior

Vanquished Creatures
  The ghost of minbekrie the Cleaver, a novice FoFi of Okawaru (D:6)
  2 steam dragons
  An orc warrior (D:8)
  3 water moccasins
  A black bear (D:4)
  4 ogres
  4 centaurs (D:8)
  A kobold brigand (D:8)
  2 phantoms (D:6)
  3 bullfrogs
  A gnoll sergeant (D:7)
  2 scorpions
  5 wights (D:7)
  2 hounds
  2 gnoll boudas
  An orc priest (D:5)
  3 iguanas
  3 orc wizards
  Robin (D:4)
  20 gnolls
  4 adders
  2 ufetubi
  A worm (D:2)
  25 orcs
  A bat (D:1)
  9 endoplasms
  3 giant cockroaches
  11 goblins
  7 hobgoblins
  2 jackals (D:2)
  7 kobolds
  4 quokkas (D:3)
  5 ball pythons
  5 frilled lizards
  22 rats
170 creatures vanquished.

Vanquished Creatures (collateral kills)
  An ogre (D:4)
  A bullfrog (D:4)
  2 goblins (D:4)
4 creatures vanquished.

Vanquished Creatures (others)
  A gnoll (D:7)
  A rat (D:3)
2 creatures vanquished.

Grand Total: 176 creatures vanquished

Table legend:
 A = Non-vault XP
 B = Vault XP
 C = Vault XP percentage of total XP
 D = Non-vault monster count
 E = Vault monster count
 F = Vault count percentage of total count
                 A         B        C        D         E       F
            +---------+---------+-------+---------+---------+-------
      Total |    4101 |    1050 |  20.4 |     131 |      43 |  24.7
            +---------+---------+-------+---------+---------+-------
        D:1 |      26 |       2 |   7.1 |      16 |       1 |   5.9
        D:2 |      29 |       0 |   0.0 |       8 |       0 |   0.0
        D:3 |      49 |      32 |  39.5 |      14 |      27 |  65.9
        D:4 |     491 |      33 |   6.3 |      15 |      11 |  42.3
        D:5 |     904 |       0 |   0.0 |      23 |       0 |   0.0
        D:6 |     561 |     761 |  57.6 |      16 |       2 |  11.1
        D:7 |    1269 |       0 |   0.0 |      23 |       0 |   0.0
        D:8 |     772 |     222 |  22.3 |      16 |       2 |  11.1
            +---------+---------+-------+---------+---------+-------

Illustrated notes

Table legend:
 A = Kills in this place as a percentage of kills in the entire game.
 B = Kills by you in this place as a percentage of kills by you in the entire game.
 C = Kills by friends in this place as a percentage of kills by friends in the entire game.
 D = Other kills in this place as a percentage of other kills in the entire game.
 E = Experience gained in this place as a percentage of experience gained in the entire game.
 F = Experience gained in this place divided by the number of levels of this place that you have seen.
                   A       B       C       D       E      F
               +-------+-------+-------+-------+-------+----------------------
         Total | 100.0 | 100.0 | 100.0 |   N/A | 100.0 | 572.3
       Dungeon | 100.0 | 100.0 | 100.0 |   N/A | 100.0 | 643.9
               +-------+-------+-------+-------+-------+----------------------

Table legend: (Time is in decaauts)
 A = Elapsed time spent in this place.
 B = Non-inter-level travel time spent in this place.
 C = Inter-level travel time spent in this place.
 D = Time resting spent in this place.
 E = Time spent auto-exploring this place.
 F = Levels seen in this place.
 G = Mean time per level.
                   A        B        C        D        E       F      G
               +--------+--------+--------+--------+--------+-----+--------+
         Total |   7165 |   6902 |    263 |    112 |   5720 |   9 |  796.1 |
       Dungeon |   7082 |   6838 |    244 |    112 |   5694 |   8 |  885.2 |
        Temple |     83 |     65 |     18 |      0 |     26 |   1 |   83.0 |
               +--------+--------+--------+--------+--------+-----+--------+

Top non-repeatable levels by time:
     D:7: 1085 daAuts
     D:3: 942 daAuts
     D:5: 935 daAuts
     D:2: 893 daAuts
     D:1: 882 daAuts
     D:6: 869 daAuts
     D:8: 834 daAuts
     D:4: 638 daAuts
  Temple: 83 daAuts
